 Dungeon Crawl Stone Soup version 0.28-a0-794-gafe8c5f9e9 (webtiles) character file.

Game seed: 18362140049151059999

166373 flotson the Fighter (level 17, -2/138 HPs)
             Began as a Demonspawn Delver on Nov 6, 2021.
             Was an Initiate of Gozag.
             Slain by a +4 dire flail of venom (10 damage)
             ... on level 2 of the Elven Halls.
             The game lasted 01:25:46 (41265 turns).

flotson the Fighter (Demonspawn Delver)            Turns: 41265, Time: 01:25:50

Health: -2/138     AC: 26    Str: 30    XL:     17   Next: 29%
Magic:  0/17       EV: 16    Int: 13    God:    Gozag
Gold:   933        SH: 14    Dex: 16    Spells: 16/16 levels left

rFire   + . .      SeeInvis .   a - +9 spear "Ystut" {spect, Str+7}
rCold   + . .      Faith    .   r - +0 kite shield {rN+}
rNeg    + + .      Spirit   +   P - +9 ring mail of Shielding {rPois rF+}
rPois   +          Reflect  .   L - +2 hat of the Bear Spirit {Spirit, *Rage rN+ Will++}
rElec   +          Harm     .   X - scarf {repulsion}
rCorr   .          Rampage  .   I - +3 pair of gauntlets of War {Slay+5}
Will    +++..      Rage     20% S - +2 pair of boots
Stlth   ++........              Z - amulet of magic regeneration
HPRegen 0.33/turn               w - ring of protection from cold
MPRegen 0.40/turn               l - ring "Zituaf" {Fly rElec Str+6}

@: lethally poisoned (-2 -> -9), flying, hasted, repel missiles, very quick
A: hooves 2, large bone plates 1, foul stench 3, powered by death 2
a: Renounce Religion, Potion Petition, Call Merchant, Bribe Branch


You were on level 2 of the Elven Halls.
You worshipped Gozag.
Gozag was pleased with you.
You visited 5 branches of the dungeon, and saw 26 of its levels.
You also visited: Ice Cave.

You collected 10134 gold pieces.
You spent 7792 gold pieces at shops.
You paid 1409 gold pieces to Gozag.

Inventory:

Hand Weapons
 a - the +9 spear "Ystut" (weapon) {spect, Str+7}
   (You found it on level 5 of the Dungeon)

   When its wielder attacks, the weapon's spirit leaps out and strikes again.
   The spirit shares a part of any damage it takes with its wielder.
   Str:       It affects your strength (+7).
 b - a +0 hunting sling
 k - a +5 vorpal broad axe
Missiles
 f - 5 javelins (quivered)
 j - 4 curare-tipped darts
 m - 4 silver javelins
 p - 103 sling bullets
 v - 18 boomerangs
 Q - a throwing net
Armour
 r - a +0 kite shield of positive energy (worn)
 I - the +3 pair of gauntlets of War (worn) {Slay+5}
   (You bought it in a shop on level 2 of the Orcish Mines)

   Slay:      It affects your accuracy & damage with ranged weapons and melee
   (+5).
 L - the +2 hat of the Bear Spirit (worn) {Spirit, *Rage rN+ Will++}
   (You bought it in a shop on level 15 of the Dungeon)

   rN:        It protects you from negative energy.
   *Rage:     It berserks you when you make melee attacks (+20% chance).
   Will:      It greatly increases your willpower.
 P - the +9 ring mail of Shielding (worn) {rPois rF+}
   (You bought it in a shop on level 1 of the Elven Halls)

   rF:        It protects you from fire.
   rPois:     It protects you from poison.
 S - a +2 pair of boots (worn)
 X - a scarf of repulsion (worn)
Jewellery
 i - a ring of fire
 l - the ring "Zituaf" (right hand) {Fly rElec Str+6}
   (You took it off a kobold on level 11 of the Dungeon)

   [ring of strength]

   Str:       It affects your strength (+6).
   rElec:     It insulates you from electricity.
   Fly:       It grants you flight.
 w - a ring of protection from cold (left hand)
 Z - an amulet of magic regeneration (around neck)
Wands
 g - a wand of digging (10)
 A - a wand of iceblast (4)
 D - a wand of polymorph (18)
 F - a wand of flame (27)
 N - a wand of paralysis (4)
 O - a wand of charming (5)
Scrolls
 c - 6 scrolls of fog
 e - a scroll of torment
 h - 4 scrolls of vulnerability
 q - 6 scrolls of immolation
 E - a scroll of brand weapon
 G - a scroll of teleportation
 H - 3 scrolls of fear
 J - a scroll of holy word
 M - 2 scrolls of silence
 R - 3 scrolls of magic mapping
 T - 3 scrolls of enchant armour
Potions
 n - a potion of ambrosia
 o - 2 potions of cancellation
 x - 5 potions of resistance
 z - a potion of might
 B - 4 potions of lignification
 C - 3 potions of curing
 K - 3 potions of attraction
 U - 3 potions of haste
 Y - 2 potions of mutation
Miscellaneous
 d - a tin of tremorstones (2/2)
 t - a phial of floods
 u - a lightning rod (4/4)
 y - a condenser vane
 V - a piece from Xom's chessboard (15/15)


   Skills:
 + Level 13.7 Fighting
 + Level 12.3 Axes
 - Level 12.0 Throwing
 + Level 12.2 Armour
 + Level 12.4 Dodging
 - Level 4.5 Stealth
 + Level 6.9 Shields
 + Level 11.8 Evocations


You had 16 spell levels left.
You didn't know any spells.
Your spell library contained the following spells:

 Spells                   Type           Power      Damage    Failure   Level
 Animate Skeleton         Necr           0%         N/A       75%         1
 Apportation              Tloc           0%         N/A       75%         1
 Beastly Appendage        Tmut           0%         N/A       75%         1
 Shock                    Conj/Air       0%         1d3       75%         1
 Sting                    Tmut/Pois      0%         1d3       75%         1
 Summon Small Mammal      Summ           0%         N/A       75%         1
 Poisonous Vapours        Pois/Air       0%         N/A       86%         2
 Wereblood                Tmut           0%         N/A       86%         2
 Spider Form              Tmut/Pois      0%         N/A       98%         3
 Animate Armour           Summ/Erth      0%         N/A       100%        4
 Hailstorm                Conj/Ice       0%         3d3       100%        4
 Olgreb's Toxic Radiance  Pois           0%         N/A       100%        4
 Summon Ice Beast         Ice/Summ       0%         N/A       100%        4
 Summon Mana Viper        Hex/Summ       0%         N/A       100%        5
 Conjure Ball Lightning   Conj/Air       0%         3x3d6     100%        6
 Monstrous Menagerie      Summ           0%         N/A       100%        7


Dungeon Overview and Level Annotations

Branches:
Dungeon (15/15)            Temple (1/1) D:4            Lair (6/6) D:10
  Swamp (0/4) Lair:2       Spider (0/4) Lair:4        Slime (0/5) Lair:6
    Orc (2/2) D:10            Elf (2/3) Orc:2        Vaults (0/5) D:14
 Depths (0/4) D:15          IceCv (visited)

Altars:
Ashenzari
Cheibriados
Dithmenos
Elyvilon
Fedhas
Gozag
Hepliaklqana
Kikubaaqudgha
Makhleb
Nemelex Xobeh
Okawaru
Qazlal
Ru
Sif Muna
Trog
Uskayaw
Vehumet
Xom
Yredelemnul
Zin
Beogh
Jiyva

Shops:
D:2 *   D:3 [   D:15 ([   Orc:2 :*[(   Elf:1 [   Elf:2 [


Innate Abilities, Weirdness & Mutations

You have hoof-like feet.
You are partially covered in large bone plates. (SH +4)
You frequently emit foul miasma when damaged in melee.
You regenerate health from kills.


Message History

You miss the +0 long sword of protection.
Your +9 spear "Ystut" {spect, Str+7} completely misses the +0 long sword of protection.
You recover from your berserk rage.
You feel very sick.
You block the +0 long sword of protection's attack.
The +1 halberd of venom hits you but does no damage.
The +0 long sword of protection hits you.
The +4 dire flail of venom hits your +9 spear "Ystut" {spect, Str+7}!!
Your spectral weapon shares its damage with you!
You feel better.
You block the +0 long sword of protection's attack.
The +1 halberd of venom hits you but does no damage.
The +4 dire flail of venom completely misses you.
The +0 long sword of protection barely misses you.
You block the +4 dire flail of venom's attack.
The +1 halberd of venom hits you from afar!
You are poisoned.
You feel very sick.
The +0 long sword of protection hits you but does no damage.
You feel very sick. The +4 dire flail of venom hits you!
* * * LOW HITPOINT WARNING * * *
You are more poisoned.
You feel better.
You block the +0 long sword of protection's attack.
The +1 halberd of venom hits you from afar!
* * * LOW HITPOINT WARNING * * *
The +4 dire flail of venom hits you but does no damage.
The +0 long sword of protection barely misses you.
The +1 halberd of venom hits you but does no damage.
You are poisoned.
You feel yourself speed up.
You feel very sick.
You block the +4 dire flail of venom's attack.
You block the +0 long sword of protection's attack.
The +1 halberd of venom hits you from afar!!
* * * LOW HITPOINT WARNING * * *
The +4 dire flail of venom hits you!
You die...
Your body crumbles into a pile of gold.

............
#...........
#......... ##
##....... .#
##....$$# .# #......#
.# #...(..# .#
#...((.## .#
##..@...###. ##
##................
#.................
##..................
##...................
#....................
#
#....................
#
#....................
##
##...................


You could see 3 dancing weapons.

Vanquished Creatures
  Saint Roka (Orc:2)
  Nikola (Elf:2)
  A deep elf blademaster (Elf:2)
  Gastronok (Lair:1)
  An orc warlord (Orc:1)
  A deep elf sorcerer (Elf:1)
  A reaper (IceCv)
  An ironbound preserver (D:14)
  Nessos (Lair:4)
  A minotaur (Lair:3)
  A deep elf annihilator (Elf:1)
  A dire elephant (D:15)
  The ghost of Deaggicw the Grappler, a journeyman DrTm of Qazlal (Lair:3)
  A deep elf death mage (Elf:1)
  Snorg (Orc:2)
  Josephine (Lair:6)
  An ice dragon (shapeshifter) (D:13)
  A fire dragon (Lair:6)
  8 hydras
  8 boulder beetles
  The ghost of jasper the Arsonist, a journeyman DsCA of Ignis (D:10)
  2 catoblepae
  A centaur warrior (D:14)
  9 two-headed ogres
  6 death yaks (Lair:5)
  An orc high priest (Orc:2)
  2 tengu warriors (D:15)
  12 deep elf knights
  A fire crab (Lair:6)
  A skeletal warrior (D:8)
  A swamp dragon (Lair:6)
  14 deep elf archers
  A wizard (D:15)
  2 bog bodies (Lair:2)
  6 orc knights
  25 deep elf zephyrmancers
  An orb spider (Lair:4)
  27 ugly things
  32 deep elf pyromancers
  3 manticores
  4 cyclopes
  3 orc sorcerers
  A salamander (D:15)
  15 elephants
  4 torpor snails
  3 black mambas
  2 ice statues (IceCv)
  11 cane toads
  4 rime drakes
  A kobold demonologist (D:14)
  8 komodo dragons
  A komodo dragon (shapeshifter) (D:15)
  An efreet (D:14)
  7 ice devils (IceCv)
  2 entropy weaver simulacra (IceCv)
  A freezing wraith (D:15)
  4 trolls
  9 blink frogs
  6 meliai (D:14)
  11 polar bears
  9 slime creatures
  3 raiju (Lair:6)
  9 dream sheep
  An air elemental (Elf:2)
  A centaur simulacrum (D:14)
  5 shadows
  7 wraiths
  7 wyverns
  3 water elementals
  A fire elemental (Elf:2)
  45 yaks
  A dire elephant simulacrum (IceCv)
  7 basilisks
  2 steam dragons
  3 vampire mosquitoes
  A death yak simulacrum (IceCv)
  8 wargs
  An acid dragon (D:13)
  3 swamp worms (Lair:2)
  14 hell hounds (Lair:6)
  49 orc warriors
  12 water moccasins
  Duvessa (D:5)
  3 ice beasts
  4 sky beasts
  12 black bears
  A necrophage (D:5)
  9 centaurs
  17 wolves
  7 ogres
  4 kobold brigands
  13 bullfrogs
  A scorpion (D:4)
  2 cane toad simulacra (IceCv)
  An earth elemental (Elf:1)
  Dowan (D:5)
  A ballistomycete (Orc:1)
  7 killer bees
  12 wights
  10 electric eels
  3 centaur zombies
  A howler monkey (D:7)
  A lava snake (Lair:6)
  2 jellies
  3 hounds
  27 orc priests
  A bullfrog skeleton (D:5)
  2 centaur skeletons
  Terence (D:3)
  2 gnoll shamans
  5 hell rats (Lair:5)
  8 iguanas
  35 orc wizards
  3 spriggan simulacra (IceCv)
  2 polar bear simulacra (IceCv)
  A troll simulacrum (IceCv)
  A wolf simulacrum (IceCv)
  A killer bee zombie (D:7)
  2 howler monkey zombies
  12 gnolls
  5 adders
  A naga simulacrum (IceCv)
  A shadow imp (D:7)
  6 white imps
  2 ufetubi (IceCv)
  An adder skeleton (D:4)
  4 dart slugs
  85 orcs
  7 endoplasms
  3 giant cockroaches
  11 hobgoblins
  14 jackals
  15 kobolds
  6 quokkas
  10 ball pythons
  6 bats
  6 frilled lizards
  11 goblins
  14 rats
899 creatures vanquished.

Vanquished Creatures (collateral kills)
  2 rime drakes (Lair:6)
  2 komodo dragons (Lair:6)
  An acid dragon (Lair:6)
  A swamp drake (Lair:6)
6 creatures vanquished.

Vanquished Creatures (others)
  21 dancing weapons
  A deep elf knight (Elf:1)
  A wizard (D:15)
  2 deep elf pyromancers (Elf:1)
  A water elemental (Elf:1)
  A wolf (Lair:6)
  19 fungi
  47 plants
  7 withered plants (D:15)
100 creatures vanquished.

Grand Total: 1005 creatures vanquished

Notes
Turn   | Place    | Note
-------+----------+-------------------------------------------
     0 | D:5      | flotson the Demonspawn Delver began the quest for the Orb.
     0 | D:5      | Reached XP level 1. HP: 18/18 MP: 1/1
    12 | D:5      | Noticed Duvessa
    12 | D:5      | Noticed Dowan
    16 | D:5      | Noticed a sky beast
    91 | D:4      | Noticed a jelly
   436 | D:2      | Found Uqiydapno's Assorted Antiques.
   468 | D:2      | Gained mutation: You are partially covered in large bone
                  | plates. (SH +4) [demonic ancestry]
   468 | D:2      | Reached XP level 2. HP: 19/24 MP: 2/2
   485 | D:2      | Bought a silvery potion for 23 gold pieces
   485 | D:2      | Bought a scroll labelled UTEASI BUILEE for 26 gold pieces
   485 | D:2      | Bought a white potion for 23 gold pieces
   485 | D:2      | Bought a silvery potion for 23 gold pieces
   485 | D:2      | Bought a coppery potion for 23 gold pieces
   638 | D:1      | Reached skill level 1 in Armour
   655 | D:1      | Found a faded altar of an unknown god.
   809 | D:1      | Reached XP level 3. HP: 29/29 MP: 3/3
  1552 | D:2      | Reached skill level 1 in Throwing
  1713 | D:2      | Reached XP level 4. HP: 36/36 MP: 4/4
  2486 | D:3      | Found a stormy altar of Qazlal.
  2489 | D:3      | Found a shimmering altar of Xom.
  2504 | D:3      | Found a shimmering blue altar of Sif Muna.
  2507 | D:3      | Found an iron altar of Okawaru.
  2531 | D:3      | Found a burning altar of Makhleb.
  2754 | D:3      | Reached XP level 5. HP: 41/42 MP: 5/5
  2932 | D:2      | Bought a broad axe for 104 gold pieces
  3040 | D:3      | Reached skill level 4 in Fighting
  3120 | D:3      | Found Xounnasm's Antique Armour Boutique.
  3323 | D:3      | Noticed Terence
  3335 | D:3      | Killed Terence
  3916 | D:4      | You fall into a shaft and drop 2 floors!
  3923 | D:5      | Noticed a centaur
  3923 | D:5      | Noticed an ogre
  4111 | D:3      | Gained mutation: You may rarely emit foul miasma when
                  | damaged in melee. [demonic ancestry]
  4111 | D:3      | Reached XP level 6. HP: 6/48 MP: 6/6
  4539 | D:4      | Found a staircase to the Ecumenical Temple.
  4649 | Temple   | Entered the Ecumenical Temple
  5777 | D:5      | Gained mutation: You have large cloven feet. [demonic
                  | ancestry]
  5777 | D:5      | Reached XP level 7. HP: 40/55 MP: 7/7
  7142 | D:5      | Reached skill level 5 in Fighting
  7441 | D:5      | Identified the +9 spear "Ystut" {spect, Str+7}
  7507 | Temple   | Became a worshipper of Gozag Ym Sagoz the Greedy
  7689 | D:5      | Reached XP level 8. HP: 62/62 MP: 8/8
  7741 | D:5      | Killed Dowan
  7925 | D:5      | Killed Duvessa
  8209 | D:6      | Reached skill level 5 in Dodging
  8244 | D:6      | Reached skill level 6 in Fighting
  8483 | D:6      | Reached XP level 9. HP: 69/69 MP: 9/9
  8540 | D:6      | Found a hazy altar of Hepliaklqana.
  8540 | D:6      | Found a shadowy altar of Dithmenos.
  8556 | D:6      | Reached skill level 5 in Armour
  8709 | D:7      | Reached skill level 5 in Axes
  8726 | D:7      | Reached skill level 5 in Throwing
  9219 | D:3      | Bought a translucent scale mail for 306 gold pieces
  9219 | D:3      | Identified the +1 scale mail "Romm" {rElec rN+} (You bought
                  | it in a shop on level 3 of the Dungeon)
  9805 | D:7      | Reached skill level 1 in Evocations
  9948 | D:7      | Reached skill level 7 in Fighting
  9948 | D:7      | Reached skill level 1 in Shields
 10219 | D:3      | Bought a runed scale mail for 238 gold pieces
 10575 | D:8      | Noticed a boulder beetle
 10631 | D:8      | Killed a boulder beetle
 10632 | D:8      | Reached XP level 10. HP: 79/79 MP: 10/10
 11217 | D:8      | Noticed a skeletal warrior
 11257 | D:8      | Killed a skeletal warrior
 12344 | D:10     | Entered Level 10 of the Dungeon
 12344 | D:10     | Noticed a two-headed ogre
 12592 | D:10     | Noticed a two-headed ogre
 12616 | D:10     | Killed a two-headed ogre
 12617 | D:10     | Reached skill level 8 in Fighting
 12617 | D:10     | Reached XP level 11. HP: 74/86 MP: 11/11
 12697 | D:10     | Noticed a two-headed ogre
 12985 | D:10     | Found a staircase to the Lair.
 13302 | D:10     | Found a staircase to the Orcish Mines.
 13431 | D:10     | Noticed a two-headed ogre
 13435 | D:10     | Killed a two-headed ogre
 13509 | D:10     | Killed a two-headed ogre
 13652 | D:10     | Found a large runed translucent door.
 13655 | D:10     | Found a large runed translucent door.
 13659 | D:10     | Noticed jasper's ghost (journeyman DsCA)
 13685 | D:10     | Killed a two-headed ogre
 14205 | D:2      | Bought a distressingly furry plate armour for 728 gold
                  | pieces
 14205 | D:2      | Identified the +0 plate armour of the Turtledove {Str+4
                  | Int+2} (You bought it in a shop on level 2 of the Dungeon)
 14451 | Lair:1   | Entered Level 1 of the Lair of Beasts
 14463 | Lair:1   | Noticed Gastronok
 14490 | Lair:1   | Killed Gastronok
 14491 | Lair:1   | Reached skill level 5 in Evocations
 15577 | Lair:2   | Noticed a bog body
 15589 | Lair:2   | Killed a bog body
 15590 | Lair:2   | Gained mutation: You sometimes emit foul miasma when
                  | damaged in melee. [demonic ancestry]
 15590 | Lair:2   | Reached XP level 12. HP: 94/94 MP: 12/12
 15710 | Lair:2   | Reached skill level 9 in Fighting
 15803 | Lair:2   | Found a staircase to the Swamp.
 16295 | Lair:3   | Noticed Deaggicw's ghost (journeyman DrTm)
 16333 | Lair:3   | Noticed a four-headed hydra
 16624 | Lair:3   | Killed a four-headed hydra
 16897 | Lair:3   | Found a runed translucent gate.
 16897 | Lair:3   | Found a runed translucent gate.
 16897 | Lair:3   | Found a runed translucent gate.
 16899 | Lair:3   | Noticed a boulder beetle
 16904 | Lair:3   | Noticed a minotaur
 17203 | Lair:3   | Found a snail-covered altar of Cheibriados.
 17604 | Lair:2   | Killed a boulder beetle
 17923 | Lair:3   | Killed Deaggicw's ghost
 18058 | Lair:3   | Killed a minotaur
 18784 | D:3      | Bought a runed plate armour for 884 gold pieces
 19068 | Lair:4   | Noticed Nessos
 19392 | Lair:4   | Noticed an eight-headed hydra
 19401 | Lair:4   | Killed an eight-headed hydra
 19522 | Lair:4   | Noticed a boulder beetle
 19533 | Lair:4   | Killed a boulder beetle
 19598 | Lair:4   | Noticed a six-headed hydra
 19604 | Lair:4   | Killed a six-headed hydra
 19615 | Lair:4   | Killed Nessos
 20000 | Lair:4   | Found a hole to the Spider Nest.
 20088 | Lair:4   | Gained mutation: You regenerate a little health from kills.
                  | [demonic ancestry]
 20088 | Lair:4   | Reached XP level 13. HP: 95/103 MP: 11/13
 20151 | Lair:4   | Reached skill level 10 in Fighting
 22367 | D:3      | Bought a shiny plate armour for 884 gold pieces
 22976 | Lair:6   | Entered Level 6 of the Lair of Beasts
 23647 | Lair:6   | Noticed Josephine
 23697 | Lair:6   | Noticed a fire dragon
 23848 | Lair:6   | Killed a fire dragon
 24168 | Lair:6   | Gained mutation: You frequently emit foul miasma when
                  | damaged in melee. [demonic ancestry]
 24168 | Lair:6   | Reached XP level 14. HP: 111/111 MP: 10/14
 24213 | Lair:6   | Reached skill level 11 in Fighting
 24659 | Lair:6   | Killed Josephine
 24667 | Lair:5   | Reached skill level 10 in Dodging
 25318 | Lair:6   | Found a viscous altar of Jiyva.
 25319 | Lair:6   | Found a staircase to the Slime Pits.
 25526 | Lair:6   | Reached skill level 10 in Axes
 25599 | Lair:6   | Reached skill level 10 in Armour
 25607 | Lair:6   | Reached skill level 10 in Throwing
 25657 | Lair:6   | Identified the +1 robe of the Depths {Harm Dex+3}
 26137 | D:10     | Killed jasper's ghost
 26564 | Orc:1    | Entered Level 1 of the Orcish Mines
 26824 | Orc:2    | Entered Level 2 of the Orcish Mines
 26829 | Orc:2    | Found a staircase to the Elven Halls.
 26879 | Orc:2    | Noticed an orc warlord
 26957 | Orc:1    | Killed an orc warlord
 27771 | Orc:2    | Noticed Snorg
 27809 | Orc:2    | Killed Snorg
 28134 | Orc:2    | Noticed Saint Roka
 29043 | Orc:2    | Paralysed by an orc sorcerer for 2 turns
 30336 | Orc:2    | Killed Saint Roka
 31087 | Orc:2    | Gained mutation: You regenerate health from kills. [demonic
                  | ancestry]
 31087 | Orc:2    | Reached XP level 15. HP: 109/120 MP: 12/15
 31148 | Orc:2    | Found Hunov's Antique Armour Boutique.
 31176 | Orc:2    | Found Teilloymn's Antique Weapon Boutique.
 31197 | Orc:2    | Found Jorriqi's Book Boutique.
 31253 | Orc:2    | Bought the +3 pair of gauntlets of War {Slay+5} for 1377
                  | gold pieces
 31253 | Orc:2    | Found the +3 pair of gauntlets of War {Slay+5}
 31280 | Orc:2    | Bought a masterwork war axe for 229 gold pieces
 31280 | Orc:2    | Identified the +3 war axe of Wyrd {venom, Str+6 Stlth+}
                  | (You bought it in a shop on level 2 of the Orcish Mines)
 31544 | Orc:2    | Found Wafup's General Store.
 31551 | Orc:2    | Bought a scroll of vulnerability for 97 gold pieces
 31551 | Orc:2    | Bought a scroll of identify for 26 gold pieces
 31551 | Orc:2    | Bought a potion of lignification for 39 gold pieces
 31551 | Orc:2    | Bought a scroll of vulnerability for 97 gold pieces
 31551 | Orc:2    | Bought a scroll of teleportation for 39 gold pieces
 32711 | D:11     | Found a frozen archway.
 32717 | D:11     | Reached skill level 12 in Fighting
 32726 | IceCv    | Entered an ice cave
 33656 | D:11     | Identified the ring "Zituaf" {Fly rElec Str+6}
 34309 | D:12     | Reached skill level 10 in Evocations
 34769 | D:13     | Identified the +3 ring mail of Intercession {rN++}
 36970 | D:14     | Found a gate to the Vaults.
 37091 | D:15     | Entered Level 15 of the Dungeon
 37348 | D:15     | Found a staircase to the Depths.
 37407 | D:15     | Gained mutation: You have hoof-like feet. [demonic
                  | ancestry]
 37407 | D:15     | Reached XP level 16. HP: 114/129 MP: 13/16
 37562 | D:15     | Found an ancient bone altar of Kikubaaqudgha.
 37716 | D:15     | Reached skill level 5 in Shields
 37977 | D:15     | Identified the +9 hand axe "Killer Bee's Peril" {vorpal,
                  | rF+}
 38365 | D:15     | Bought the +2 hat of the Bear Spirit {Spirit, *Rage rN+
                  | Will++} for 904 gold pieces
 38365 | D:15     | Bought a glowing kite shield for 202 gold pieces
 38365 | D:15     | Found the +2 hat of the Bear Spirit {Spirit, *Rage rN+
                  | Will++}
 38365 | D:15     | Bought a pair of embroidered boots for 202 gold pieces
 38365 | D:15     | Bought a shimmering ring mail for 243 gold pieces
 38365 | D:15     | Identified the +1 ring mail of Watchfulness {rCorr Str+2}
                  | (You bought it in a shop on level 15 of the Dungeon)
 38637 | Elf:1    | Entered Level 1 of the Elven Halls
 38832 | Elf:1    | Found Simuagg's Armour Shop.
 38874 | Elf:1    | Reached skill level 13 in Fighting
 39060 | Elf:1    | Bought the +9 ring mail of Shielding {rPois rF+} for 1075
                  | gold pieces
 39358 | Elf:1    | Identified a scroll of acquirement
 39422 | Elf:1    | Acquired a scarf of repulsion
 39803 | Elf:1    | Got the Catalogue of Supportive Arcane Weapons
 40077 | Elf:2    | Found a runed translucent gate.
 40078 | Elf:2    | Found a runed translucent gate.
 40078 | Elf:2    | Found a runed translucent gate.
 40213 | Elf:2    | Paralysed by an air elemental for 1 turns
 40303 | Elf:2    | Found Jusiffua's Armour Shop.
 40320 | Elf:2    | Reached XP level 17. HP: 137/137 MP: 15/17
 40443 | Elf:2    | Noticed a deep elf blademaster
 40673 | Elf:2    | Killed a deep elf blademaster
 40822 | Elf:2    | Noticed Nikola
 40847 | Elf:2    | Killed Nikola
 41265 | Elf:2    | Slain by a +4 dire flail of venom

Illustrated notes

Levels and vault maps discovered:
D:1:      arrival_aquarium_b, layout_basic, basic_ecumenical_altar
D:2:      layout_basic, serial_shops, shop_coins
D:3:      minmay_razor_zed, layout_loops_ring, grunt_temple_overflow_cloverleaf,
          lemuel_round_altar, serial_shops, nicolae_lakefront_shop,
          serial_glass, glass_columns_b, glass_columns_b,
          kennysheep_generic_room_13, uniq_terence
D:4:      wad_lake_hut, layout_rooms, temple_hall, serial_bayou_pond_a,
          amethyst_killhole, hangedman_feature_mirror
D:5:      layout_rooms, uniq_duvessa
D:6:      layout_rooms, riverfiend_overflow_shadow_ancestor
D:7:      minmay_octagon_keep, layout_loops_corners, sigmund_army
D:8:      layout_basic, overflow_temple_1_default, minmay_quadrilaterals
D:9:      layout_cave_pools
D:10:     layout_rooms, lair_entry_dummy, david_orc_1_choice,
          ebering_ghost_disaster_area, minivault_16, minmay_fractal_squares_5
D:11:     layout_basic, portal_ice_cave_rime, kennysheep_small_square
D:12:     layout_roguey
D:13:     layout_basic
D:14:     layout_big_octagon, skrybe_vaults_entry_preservation,
          hangedman_abyss_or_decor_jellyfish_corner
D:15:     hangedman_depths_entry_try_elsewhere_first, layout_irregular_city,
          chequers_serial_rivers_room_a, kiku_gazebo_garden_becter
Temple:   eino_narrow_crystal_temple
Lair:1:   layout_chaotic_city, uniq_gastronok
Lair:2:   layout_cave_pods, nicolae_swamp_entry_splash_gauntlet
Lair:3:   layout_regular_city, maelrawn_ghost_gauntlet_escape,
          kennysheep_snail_temple, grunt_megastairs_5
Lair:4:   layout_regular_city, nicolae_spider_entry_orb_guardian,
          serial_bayou_lagoon_b, grunt_megastairs_2, serial_bayou_shore_b,
          uniq_nessos
Lair:5:   layout_loops_ring, lemuel_fruit_fields
Lair:6:   hangedman_lair_caniforms_friends, layout_gridlike,
          guppyfry_lair_end_dragon, slime_altar_1, uniq_josephine
Orc:1:    layout_caves, basic_altar, mines3_lemuel
Orc:2:    grunt_orc_cross, layout_caves, uniq_snorg
Elf:1:    layout_rooms, serial_shops, shop, minmay_elf_sorcery, billiards_dpeg
Elf:2:    nicolae_elf_blades_crystal_corner, layout_geoelf_octagon,
          serial_shops, nicolae_diamond_shop, uniq_nikola

Skill      XL: |  1  2  3  4  5  6  7  8  9 10 11 12 13 14 15 16 |
---------------+-------------------------------------------------+-----
Dodging        | 2 3 4 5 6 7 8 9 10 11 12 | 12.4
Armour         | 1 2 3 4 5 6 7 8 9 10 11 12 | 12.2
Throwing       | 1 2 3 4 5 6 7 8 9 10 11 12 | 12.0
Fighting       | 4 5 6 7 8 9 10 11 12 13 | 13.7
Axes           | 2 3 4 5 6 7 8 9 10 11 12 | 12.3
Evocations     | 2 3 5 7 8 9 10 11 | 11.8
Shields        | 1 3 4 6 |  6.9
Stealth        | |  4.5

Action                   |  1- 3 |  4- 6 |  7- 9 | 10-12 | 13-15 | 16-18 || total
-------------------------+-------+-------+-------+-------+-------+-------++-------
Melee: Hand axe          |    54 |       |       |       |       |       ||    54
       Dagger            |    40 |    96 |       |       |       |       ||   136
       Broad axe         |       |   152 |    10 |       |       |       ||   162
       Spear             |       |       |   155 |   386 |  1502 |   458 ||  2501
       Kick              |       |       |    37 |   129 |       |       ||   166
 Fire: Hunting sling     |    81 |     4 |    28 |    30 |    72 |       ||   215
Throw: Dart              |       |    24 |    34 |    17 |     6 |       ||    81
       Throwing net      |       |       |       |     2 |       |       ||     2
       Javelin           |       |       |       |       |    27 |    11 ||    38
Invok: Call Merchant     |       |       |       |       |       |     2 ||     2
Evoke: Wand              |       |       |       |     3 |    17 |       ||    20
       Piece from Xom's  |       |       |       |       |     9 |       ||     9
  Use: Scroll            |     2 |     3 |     6 |    10 |    21 |     4 ||    46
       Potion            |     1 |    10 |       |     3 |     7 |     4 ||    25
 Stab: Sleeping          |     1 |     3 |     1 |     1 |     2 |     5 ||    13
       Distracted        |       |     1 |     2 |     7 |    43 |    10 ||    63
       Paralysed         |       |       |       |     4 |    18 |       ||    22
       Held in net/web   |       |       |       |     3 |       |       ||     3
Armor: Scale mail        |    54 |   108 |    21 |    18 |       |       ||   201
       Skin              |       |    20 |       |       |       |       ||    20
       Plate armour      |       |       |       |    64 |   425 |    54 ||   543
       Ring mail         |       |       |       |       |    58 |    73 ||   131
Dodge: Dodged            |    63 |   152 |    45 |   111 |   436 |   108 ||   915
       Repelled          |       |       |       |       |       |     6 ||     6
Block: Other             |    12 |    40 |    13 |       |       |       ||    65
       Buckler           |       |       |    11 |   110 |   325 |       ||   446
       Kite shield       |       |       |       |       |   109 |   164 ||   273

Table legend: (Time is in decaauts)
 A = Elapsed time spent in this place.
 B = Non-inter-level travel time spent in this place.
 C = Inter-level travel time spent in this place.
 D = Time resting spent in this place.
 E = Time spent auto-exploring this place.
 F = Levels seen in this place.
 G = Mean time per level.
                   A        B        C        D        E       F      G
               +--------+--------+--------+--------+--------+-----+--------+
         Total |  41269 |  37321 |   3948 |   4173 |  25978 |  27 | 1528.5 |
       Dungeon |  21272 |  18205 |   3067 |   1242 |  13541 |  15 | 1418.1 |
        Temple |    105 |     22 |     83 |      0 |     12 |   1 |  105.0 |
          Lair |  10587 |   9945 |    642 |   1269 |   7000 |   6 | 1764.5 |
  Orcish Mines |   6044 |   5906 |    138 |   1626 |   3183 |   2 | 3022.0 |
   Elven Halls |   2708 |   2692 |     16 |      0 |   1926 |   2 | 1354.0 |
      Ice Cave |    550 |    550 |      0 |     36 |    316 |   1 |  550.0 |
               +--------+--------+--------+--------+--------+-----+--------+

Top non-repeatable levels by time:
   Orc:1: 3900 daAuts
     D:3: 2803 daAuts
     D:4: 2720 daAuts
  Lair:6: 2201 daAuts
  Lair:4: 2190 daAuts
   Orc:2: 2144 daAuts
    D:10: 2127 daAuts
  Lair:3: 1984 daAuts
  Lair:5: 1709 daAuts
     D:7: 1708 daAuts
  Lair:2: 1544 daAuts
   Elf:2: 1489 daAuts
    D:13: 1449 daAuts
     D:8: 1431 daAuts
     D:2: 1385 daAuts
